3052 views
Uploaded 2020-03-25 17:57:01
Game version 1.32.3
10:29 long 2on2 ladder game on (4)Avalanche_LV
Saved by Lakuza
3052 views
Uploaded 2020-03-25 17:57:01
Game version 1.32.3
10:29 long 2on2 ladder game on (4)Avalanche_LV


42 units @ 5.7k
/ 0.6k
20 buildings @ 3.3k
/ 1.3k


| Potion of Healing | 1 | 150 |
| Scroll of Town Portal | 1 | 350 |
| total: | 2 | 500g |
| Wisp | 11 | 660 | / | 0 |
| Huntress | 5 | 975 | / | 100 |
| Dryad | 5 | 725 | / | 300 |
| Archer | 2 | 260 | / | 20 |
| total: | 23 | 2620g | / | 420w |
| Altar of Elders | 1 | 180 | / | 50 |
| Moon Well | 4 | 720 | / | 160 |
| Ancient of War | 1 | 150 | / | 60 |
| Hunter's Hall | 1 | 210 | / | 100 |
| Ancient of Wonders | 1 | 90 | / | 30 |
| Ancient of Lore | 1 | 155 | / | 145 |
| Ancient of Wind | 1 | 150 | / | 140 |
| Tree of Ages | 1 | 320 | / | 180 |
| total: | 10 | 1655g | / | 685w |
| 0:02 | Wisp |
| 0:02 | Wisp |
| 0:06 | Altar of Elders |
| 0:09 | Wisp |
| 0:19 | Moon Well |
| 0:22 | Wisp |
| 0:33 | Wisp |
| 0:42 | Wisp |
| 0:53 | Wisp |
| 1:26 | Ancient of War |
| 1:41 | Wisp |
| 1:42 | Wisp |
| 1:49 | Hunter's Hall |
| 1:54 | Wisp |
| 2:02 | Moon Well |
| 2:08 | Mana Burn |
| 2:36 | Wisp |
| 3:01 | Huntress |
| 3:21 | Huntress |
| 3:22 | Tree of Ages |
| 3:23 | Ultravision |
| 3:58 | Huntress |
| 4:21 | Huntress |
| 4:28 | Moon Well |
| 5:02 | Strength of the Moon |
| 5:07 | Moon Well |
| 5:13 | Ancient of Wonders |
| 5:19 | Huntress |
| 6:13 | Improved Strength of the Moon |
| 6:16 | Ancient of Lore |
| 7:02 | Entangling Roots |
| 7:26 | Evasion |
| 7:46 | Dryad |
| 7:47 | Dryad |
| 8:11 | Dryad |
| 8:30 | Dryad |
| 8:32 | Ancient of Wind |
| 8:34 | Archer |
| 8:34 | Archer |
| 8:55 | Thorns Aura |
| 8:57 | Dryad |
| 9:11 | Scroll of Town Portal |
| 9:15 | Potion of Healing |
| Right click | 757 |
| Select group | 266 |
| Select | 197 |
| Misc. action | 56 |
| Build/train/purchase | 43 |
| Use ability | 22 |
| Assign group | 21 |
| Minimap ping | 7 |
| Chat | 4 |
| Item give/drop | 1 |
| Remove unit | 1 |


| Healing Salve | 1 | 100 |
| Lesser Clarity Potion | 1 | 70 |
| total: | 2 | 170g |
| Peon | 6 | 450 | / | 0 |
| Grunt | 10 | 2000 | / | 0 |
| Raider | 2 | 360 | / | 80 |
| Demolisher | 1 | 220 | / | 50 |
| total: | 19 | 3030g | / | 130w |
| Altar of Storms | 1 | 180 | / | 50 |
| Orc Burrow | 4 | 640 | / | 160 |
| Barracks | 1 | 180 | / | 50 |
| Voodoo Lounge | 1 | 130 | / | 30 |
| War Mill | 1 | 205 | / | 0 |
| Beastiary | 2 | 290 | / | 280 |
| Stronghold | 1 | 315 | / | 190 |
| total: | 10 | 1625g | / | 570w |
| 0:03 | Peon |
| 0:03 | Peon |
| 0:06 | Altar of Storms |
| 0:19 | Orc Burrow |
| 0:27 | Peon |
| 0:34 | Barracks |
| 0:43 | Peon |
| 0:55 | Peon |
| 1:17 | Peon |
| 1:27 | Orc Burrow |
| 1:35 | Grunt |
| 2:05 | Wind Walk |
| 2:29 | Grunt |
| 3:01 | Grunt |
| 3:20 | Stronghold |
| 3:29 | Grunt |
| 3:33 | Voodoo Lounge |
| 4:25 | Grunt |
| 4:28 | Orc Burrow |
| 6:04 | Grunt |
| 6:05 | Grunt |
| 6:11 | War Mill |
| 6:19 | Beastiary |
| 6:22 | Healing Salve |
| 6:23 | Lesser Clarity Potion |
| 7:17 | Healing Wave |
| 7:29 | Critical Strike |
| 7:32 | Grunt |
| 7:32 | Grunt |
| 7:36 | Beastiary |
| 8:39 | Raider |
| 8:49 | Grunt |
| 8:50 | Demolisher |
| 8:53 | Orc Burrow |
| 9:05 | Raider |
| Right click | 675 |
| Select group | 333 |
| Select | 227 |
| Build/train/purchase | 45 |
| Assign group | 13 |
| Use ability | 7 |
| Esc | 2 |
| Misc. action | 1 |
/ 0.6k
25 buildings @ 3.2k
/ 1.2k


| Wisp | 14 | 840 | / | 0 |
| Huntress | 4 | 780 | / | 80 |
| Dryad | 5 | 725 | / | 300 |
| total: | 23 | 2345g | / | 380w |
| Altar of Elders | 1 | 180 | / | 50 |
| Moon Well | 4 | 720 | / | 160 |
| Hunter's Hall | 1 | 210 | / | 100 |
| Ancient of War | 1 | 150 | / | 60 |
| Ancient of Wonders | 1 | 90 | / | 30 |
| Ancient of Lore | 2 | 310 | / | 290 |
| Tree of Ages | 1 | 320 | / | 180 |
| total: | 10 | 1660g | / | 690w |
| 0:02 | Wisp |
| 0:02 | Wisp |
| 0:04 | Altar of Elders |
| 0:18 | Moon Well |
| 0:23 | Wisp |
| 0:26 | Wisp |
| 0:27 | Wisp |
| 1:02 | Wisp |
| 1:32 | Hunter's Hall |
| 1:36 | Ancient of War |
| 1:39 | Wisp |
| 1:39 | Wisp |
| 1:54 | Moon Well |
| 2:23 | Entangling Roots |
| 2:40 | Huntress |
| 3:06 | Huntress |
| 3:52 | Huntress |
| 3:55 | Tree of Ages |
| 4:40 | Huntress |
| 4:42 | Moon Well |
| 5:44 | Force of Nature |
| 6:28 | Acid Bomb |
| 6:30 | Wisp |
| 6:30 | Wisp |
| 6:31 | Wisp |
| 6:34 | Ancient of Lore |
| 7:39 | Ancient of Lore |
| 7:39 | Wisp |
| 7:39 | Wisp |
| 7:39 | Wisp |
| 7:42 | Moon Well |
| 7:52 | Dryad |
| 8:20 | Dryad |
| 8:29 | Ancient of Wonders |
| 8:41 | Dryad |
| 8:56 | Abolish Magic |
| 8:58 | Strength of the Wild |
| 9:22 | Dryad |
| 10:18 | Entangling Roots |
| 10:21 | Dryad |
| Right click | 594 |
| Select | 388 |
| Misc. action | 161 |
| Select group | 109 |
| Assign group | 43 |
| Build/train/purchase | 35 |
| Use ability | 23 |
| Chat | 4 |
| Minimap ping | 1 |


| Peasant | 9 | 675 | / | 0 |
| Footman | 6 | 810 | / | 0 |
| Rifleman | 6 | 1230 | / | 180 |
| Priest | 2 | 270 | / | 20 |
| total: | 23 | 2985g | / | 200w |
| Scout Tower | 1 | 30 | / | 20 |
| Arcane Tower | 1 | 70 | / | 50 |
| Altar of Kings | 1 | 180 | / | 50 |
| Farm | 9 | 720 | / | 180 |
| Barracks | 1 | 160 | / | 60 |
| Arcane Vault | 1 | 130 | / | 30 |
| Blacksmith | 1 | 140 | / | 60 |
| Arcane Sanctum | 1 | 150 | / | 140 |
| Keep | 1 | 320 | / | 210 |
| total: | 15 | 1510g | / | 540w |
| 0:02 | Altar of Kings |
| 0:02 | Peasant |
| 0:02 | Peasant |
| 0:18 | Farm |
| 0:20 | Barracks |
| 0:25 | Peasant |
| 0:33 | Peasant |
| 0:49 | Farm |
| 1:00 | Peasant |
| 1:17 | Peasant |
| 1:23 | Footman |
| 1:31 | Farm |
| 1:40 | Footman |
| 1:43 | Scout Tower |
| 2:00 | Peasant |
| 2:05 | Summon Water Elemental |
| 2:06 | Footman |
| 2:10 | Arcane Tower |
| 2:31 | Footman |
| 2:31 | Peasant |
| 2:49 | Peasant |
| 3:13 | Footman |
| 3:29 | Keep |
| 3:33 | Brilliance Aura |
| 3:46 | Arcane Vault |
| 3:48 | Farm |
| 3:49 | Footman |
| 4:51 | Blacksmith |
| 4:54 | Farm |
| 5:12 | Farm |
| 6:15 | Rifleman |
| 6:15 | Long Rifles |
| 6:21 | Arcane Sanctum |
| 6:24 | Farm |
| 6:29 | Black Gunpowder |
| 7:40 | Rifleman |
| 7:45 | Priest |
| 7:56 | Rifleman |
| 7:58 | Farm |
| 8:06 | Priest |
| 8:06 | Priest Adept Training |
| 8:12 | Farm |
| 8:34 | Storm Bolt |
| 8:50 | Rifleman |
| 8:52 | Summon Water Elemental |
| 9:28 | Rifleman |
| 9:59 | Rifleman |
| 10:21 | Thunder Clap |
| Right click | 492 |
| Select group | 270 |
| Select | 148 |
| Build/train/purchase | 48 |
| Misc. action | 45 |
| Assign group | 18 |
| Use ability | 3 |
| Esc | 1 |
| Minimap ping | 1 |
⇛